 Dungeon Crawl Stone Soup version 0.28-a0-1199-gef9e1dbd39 (webtiles) character file.

Game seed: 16372760215687763014

627 Peloso the Slasher (level 7, -3/61 HPs)
             Began as a Minotaur Fighter on Dec 19, 2021.
             Was an Initiate of Okawaru.
             Killed from afar by an orc wizard (7 damage)
             ... with a magic dart
             ... on level 6 of the Dungeon.
             The game lasted 00:05:53 (4171 turns).

Peloso the Slasher (Minotaur Fighter)               Turns: 4171, Time: 00:05:54

Health: -3/61      AC: 10    Str: 19 (21) XL:     7   Next: 23%
Magic:  6/6        EV: 10    Int:  3 (5)  God:    Okawaru [......]
Gold:   108        SH:  4    Dex:  9 (11) Spells: 6/6 levels left

rFire   . . .      SeeInvis .   a - +0 long sword
rCold   . . .      Faith    .   c - +0 buckler
rNeg    . . .      Spirit   .   r - +0 scale mail
rPois   .          Reflect  .   (helmet restricted)
rElec   .          Harm     .   (no cloak)
rCorr   .          Rampage  .   (no gloves)
Will    .....                   i - +2 pair of boots
Stlth   ..........              (no amulet)
HPRegen 0.20/turn               (no ring)
MPRegen 0.10/turn               (no ring)

@: hasted (expiring), very quick
A: horns 2, retaliatory headbutt
a: Renounce Religion


You were on level 6 of the Dungeon.
You worshipped Okawaru.
Okawaru was noncommittal.
You visited 1 branch of the dungeon, and saw 6 of its levels.

You collected 108 gold pieces.

Inventory:

Hand Weapons
 a - a +0 long sword (weapon)
 b - a +1 war axe of flaming
Armour
 c - a +0 buckler (worn)
 i - a +2 pair of boots (worn)
 r - a +0 scale mail (worn)
Jewellery
 k - a ring of ice
Wands
 s - a wand of polymorph (7)
Scrolls
 g - a scroll of vulnerability {unknown}
 h - a scroll of fog {unknown}
 j - a scroll of amnesia {unknown}
 l - a scroll of immolation {unknown}
 m - a scroll of silence
 t - a scroll of acquirement {unknown}
Potions
 d - 2 potions of might
 e - a potion of attraction {unknown}
 f - 2 potions of degeneration
 o - a potion of cancellation {unknown}
 p - a potion of heal wounds {unknown}
 q - a potion of mutation {unknown}


   Skills:
 + Level 5.2 Fighting
 + Level 6.1 Long Blades
 + Level 6.0 Armour
 + Level 2.1 Dodging
 + Level 0.4 Stealth
 + Level 4.7 Shields


You had 6 spell levels left.
You didn't know any spells.
Your spell library contained the following spells:

 Spells                   Type           Power      Damage    Failure   Level
 Pain                     Necr           0%         1d4       86%         1
 Ensorcelled Hibernation  Hex/Ice        0%         N/A       94%         2
 Spider Form              Tmut/Pois      0%         N/A       99%         3
 Vampiric Draining        Necr           0%         2d6       99%         3
 Fulminant Prism          Conj/Hex       0%         3d6       100%        4
 Iskenderun's Mystic Bla  Conj/Tloc      0%         2d3       100%        4
 Lee's Rapid Deconstruct  Erth           0%         3d5*      100%        5
 Animate Skeleton         Necr           Unusable   N/A       N/A         1

Dungeon Overview and Level Annotations

Branches:
Dungeon (6/15)
 Temple: D:4-7

Altars:
Dithmenos
Gozag
Okawaru
Uskayaw
Vehumet
Wu Jian
The Shining One

Shops:
D:6 !

Annotations:
D:4 Ijyb
D:6 Dowan, Duvessa


Innate Abilities, Weirdness & Mutations

You have a pair of horns on your head.
You reflexively headbutt those who attack you in melee.


Message History

You headbutt the bullfrog.
You feel yourself speed up. You block the bullfrog's attack.
You are no longer corroded.
You see here a hound corpse.
You see here a book of Transfigurations.
It was a potion of degeneration.
There was something very wrong with that liquid.
You feel weakened.
You feel dopey.
You feel clumsy. Duvessa hits you with a +0 rapier.
* * * LOW HITPOINT WARNING * * *
Dowan gestures wildly while chanting.
Dowan blinks!
Found a scroll labelled GIR YKATITZ.
Dowan gestures at you while chanting. The puff of frost misses you.
Dowan says, "My weaknesses are her strengths!"
Found 23 sling bullets.
Dowan says, "Magic and the sword, together, will defeat you."
Found 6 gold pieces.
An orc comes into view. It is wielding a +0 club.
The orc shouts!
Duvessa is no longer moving quickly.
An orc comes into view. It is wielding a +0 hand axe.
The orc shouts!
You hear a shout!
Dowan casts a spell.
Dowan blinks!
An orc wizard comes into view. It is wielding a +0 dagger.
The bullfrog swells and bulges.
You see here 23 sling bullets.
Unknown command.
Duvessa says, "When magic and the sword combine, nothing stands against them."
The bullfrog closely misses you.
Found Baasaxka's Distillery.
The orc wizard gestures wildly while chanting.
The orc wizard flickers and vanishes!
Deactivating autopickup; reactivate with Ctrl-A.
Your extra speed is starting to run out.
A magic dart appears from out of thin air!
The magic dart hits you!
You die...

##.......................
#............?........#
#.....................#
#.....................≈
.....................≈
..........e.(.......≈
....................≈
...$....F....oo.....≈
.......@............#
.....8........{.....#
.####.#########...... #.∩
....+. #.. ....# #. .. #.


You could see Duvessa, a bullfrog and 2 orcs.

Vanquished Creatures
  A sky beast (D:5)
  2 scorpions
  A water moccasin zombie (D:5)
  A hound (D:6)
  3 jellies
  An iguana (D:4)
  An orc wizard (D:4)
  A hound zombie (D:5)
  A hound skeleton (D:5)
  7 adders
  A white imp (D:5)
  An adder skeleton (D:5)
  2 worms (D:5)
  2 dart slugs
  2 orcs (D:4)
  12 ball pythons
  2 endoplasms (D:2)
  3 giant cockroaches (D:2)
  6 goblins
  8 hobgoblins
  10 jackals
  4 quokkas
  6 bats
  4 frilled lizards
  7 kobolds
  7 rats
96 creatures vanquished.

Notes
Turn   | Place    | Note
-------+----------+-------------------------------------------
     0 | D:1      | Peloso the Minotaur Fighter began the quest for the Orb.
     0 | D:1      | Reached XP level 1. HP: 19/19 MP: 0/0
   250 | D:1      | Reached XP level 2. HP: 27/27 MP: 1/1
   758 | D:1      | Found a faded altar of an unknown god.
   881 | D:2      | Reached XP level 3. HP: 20/33 MP: 2/2
  1515 | D:2      | Reached XP level 4. HP: 38/40 MP: 3/3
  2491 | D:3      | Reached skill level 1 in Dodging
  2544 | D:3      | Reached XP level 5. HP: 24/47 MP: 4/4
  2981 | D:4      | Found a radiant altar of Vehumet.
  2982 | D:4      | Found an opulent altar of Gozag.
  2983 | D:4      | Found a glowing golden altar of the Shining One.
  2983 | D:4      | Found a hide-covered altar of Uskayaw.
  3000 | D:4      | Reached skill level 5 in Armour
  3000 | D:4      | Reached XP level 6. HP: 34/55 MP: 5/5
  3003 | D:4      | Identified the +10 dagger of the Butterfly {chaos, SInv
                  | Stlth+}
  3143 | D:4      | Reached skill level 5 in Long Blades
  3244 | D:4      | Found an ornate altar of the Wu Jian Council.
  3250 | D:4      | Noticed Ijyb
  3254 | D:5      | Entered Level 5 of the Dungeon
  3502 | D:5      | Found an iron altar of Okawaru.
  3526 | D:5      | Reached skill level 5 in Fighting
  3536 | D:5      | Became a worshipper of Warmaster Okawaru
  3547 | D:5      | Found a shadowy altar of Dithmenos.
  3667 | D:5      | Noticed a sky beast
  3680 | D:5      | Killed a sky beast
  3949 | D:5      | Reached XP level 7. HP: 61/61 MP: 6/6
  4125 | D:6      | Noticed Duvessa
  4128 | D:6      | Noticed Dowan
  4134 | D:6      | HP: 1/61 [Duvessa (13)]
  4150 | D:6      | HP: 1/61 [Duvessa (3)]
  4169 | D:6      | Found Baasaxka's Distillery.
  4171 | D:6      | Killed from afar by an orc wizard

Illustrated notes

Levels and vault maps discovered:
D:1:      dpeg_arrival_houses_and_road, layout_basic,
          chequers_ecumenical_altar_simple
D:2:      layout_basic
D:3:      layout_rooms
D:4:      layout_loops_cross, mainiacjoe_overflow_catwalk,
          fedhas_altar_decomposition,
          chequers_temple_overflow_statue_of_worship,
          minmay_temple_entry_drinking_statues, uniq_ijyb
D:5:      layout_loops_ring, mainiacjoe_overflow_large_starburst, serial_glass,
          glass_columns_c, glass_columns_a, glass_columns_a, glass_columns_a,
          glass_columns_a, glass_columns_a
D:6:      layout_basic, trog_hazing_becter, cheibrodos_sewer_entry_sluice,
          serial_shops, nicolae_shop_behind_doors, shop_fountains, shop_statue,
          uniq_duvessa

Skill      XL: |  1  2  3  4  5  6  7 |
---------------+----------------------+-----
Shields        | 4 |  4.7
Fighting       | 4 5 |  5.2
Armour         | 4 5 6 |  6.0
Long Blades    | 3 4 5 6 |  6.1
Dodging        | 1 2 |  2.1
Stealth        | |  0.4

Action                   |  1- 3 |  4- 6 |  7- 9 || total
-------------------------+-------+-------+-------++-------
Melee: Long sword        |    99 |   123 |    14 ||   236
       Headbutt          |    16 |    16 |     2 ||    34
  Use: Potion            |       |       |     2 ||     2
       Scroll            |       |       |     1 ||     1
Armor: Scale mail        |    53 |    56 |     6 ||   115
Dodge: Dodged            |    48 |    58 |    12 ||   118
Block: Buckler           |    27 |    33 |     6 ||    66

Table legend: (Time is in decaauts)
 A = Elapsed time spent in this place.
 B = Non-inter-level travel time spent in this place.
 C = Inter-level travel time spent in this place.
 D = Time resting spent in this place.
 E = Time spent auto-exploring this place.
 F = Levels seen in this place.
 G = Mean time per level.
                   A        B        C        D        E       F      G
               +--------+--------+--------+--------+--------+-----+--------+
         Total |   4208 |   4117 |     91 |      0 |   3250 |   6 |  701.3 |
       Dungeon |   4208 |   4117 |     91 |      0 |   3250 |   6 |  701.3 |
               +--------+--------+--------+--------+--------+-----+--------+

Top non-repeatable levels by time:
     D:2: 1313 daAuts
     D:1: 882 daAuts
     D:5: 820 daAuts
     D:3: 625 daAuts
     D:4: 474 daAuts
     D:6: 92 daAuts
